Map: Ephemeron LE

Players

ZeroDay - Winner!

  • Race: Terran Terran
  • League: Gold
  • Spawn Location: 11:00

Trogdor

  • Race: Terran Terran
  • League: Gold
  • Spawn Location: 5:00

VOD

Have the link to the VOD?

Description

Double Tank Drop Liberator - Expand

Time

  • Played on: Oct. 26, 2019, 1:53 a.m.
  • Length: 11:30
Show
View Real Time Build Order
Export as new Build Order

ZeroDay Terran - Winner!

Build Orders: 1/1/1, Liberator Opening 

Get SALT Encoding   

  12  0:00  SCV  
  13  0:12  SCV  
  14  0:18  Supply Depot  
  14  0:26  Refinery  
  14  0:29  SCV  
  15  0:41  SCV  
  16  0:46  Barracks  
  16  0:53  Refinery  
  16  0:56  SCV  
  17  1:09  SCV  
  18  1:21  SCV  
  19  1:35  Factory  
  19  1:36  Marine  
  20  1:46  Supply Depot  
  20  1:53  Orbital Command  
  20  1:54  Marine  
  21  2:13  Marine  
  22  2:21  Factory Tech Lab  
  22  2:24  Starport  
  22  2:31  Marine  
  23  2:41  Siege Tank  
  26  2:53  Barracks  
  26  3:00  Medivac  
  28  3:09  Marine, Supply Depot  
  32  3:27  Siege Tank  
  32  3:31  Marine  
  33  3:35  Medivac  
  35  3:41  Marine  
  35  3:48  Liberator  
  36  3:50  Marine  
  37  3:58  Supply Depot  
  40  4:27  Siege Tank  
  43  4:41  Command Center  
  43  4:43  Barracks Reactor  
  43  4:45  Barracks Tech Lab  
  43  5:55  Marine x3  
  43  5:56  Siege Tank  
  43  5:58  Medivac  
  43  6:13  Marine x3  
  43  6:16  Orbital Command  
  43  6:17  SCV  
  43  6:26  Stimpack  
  43  6:28  Siege Tank, Medivac  
  43  6:29  SCV  
  43  6:30  Marine  
  43  6:41  SCV  
  43  7:04  Marine x3  
  43  7:06  Siege Tank  
  43  7:09  SCV  
  43  8:06  Combat Shield  
  43  8:30  Supply Depot  
  43  8:32  Supply Depot  
  43  8:51  Marine x3, SCV x2, Medivac  
  43  8:53  Siege Tank  
  43  8:55  Supply Depot  
  43  9:03  SCV x2  
  43  9:09  Marine x3  
  43  9:21  Medivac  
  43  9:25  Siege Tank  
  43  9:26  Marine  
  43  9:27  Marine  
  43  9:32  SCV x2  
  43  9:45  Supply Depot x2  
  43  9:49  Liberator  
  43  10:06  Marine x3  
  43  10:07  SCV x2, Siege Tank, Supply Depot  
  43  10:09  Supply Depot  
  43  10:24  Marine  
  43  10:39  Siege Tank  
Show
View Real Time Build Order
Export as new Build Order

Trogdor Terran 

Build Orders:  

Get SALT Encoding   

  12  0:20  SCV  
  13  0:26  Supply Depot, Refinery  
  13  0:33  SCV  
  14  0:45  SCV  
  15  0:50  Barracks  
  15  0:57  SCV  
  16  1:11  SCV  
  17  1:38  Supply Depot  
  17  1:39  Marine, Command Center  
  17  1:44  SCV  
  19  1:57  SCV  
  20  2:03  Factory  
  20  2:05  Marine  
  21  2:18  Orbital Command  
  21  2:23  Marine  
  22  2:44  Marine  
  22  2:46  Starport  
  22  2:48  Factory Tech Lab  
  23  2:53  Barracks  
  23  2:57  SCV  
  24  3:02  SCV  
  24  3:05  Marine  
  26  3:12  Refinery  
  26  3:15  SCV  
  26  3:18  Orbital Command  
  27  3:28  Medivac  
  27  3:29  Barracks Tech Lab  
  29  3:34  SCV  
  30  3:42  Widow Mine  
  30  3:45  Barracks Reactor  
  32  3:48  Barracks  
  32  3:51  Marine  
  32  3:54  SCV x2  
  35  4:04  Widow Mine  
  35  4:06  SCV  
  35  4:08  Engineering Bay  
  38  4:10  SCV  
  38  4:15  Marine  
  38  4:16  Supply Depot  
  40  4:18  SCV  
  40  4:20  Stimpack  
  41  4:34  Siege Tank  
  41  4:38  SCV x2  
  46  4:39  Refinery  
  46  4:42  Refinery  
  46  4:47  Engineering Bay  
  46  4:50  SCV x2  
  46  4:51  Medivac  
  50  4:54  Barracks Tech Lab  
  50  4:58  Marine x3  
  53  5:04  Supply Depot  
  53  5:08  SCV  
  53  5:11  SCV  
Tags
 
Add a new tag
Caveats
  • Supply blocks, unpowered buildings, or Contaminate may cause inaccurate times.
  • Supply counts are checked every 10 seconds.